 Dungeon Crawl Stone Soup version 0.27.1-4-g1640c2035a (webtiles) character file.

Game seed: 10721081062626226721

7 Descartes the Changer (level 1, 0/10 HPs)
             Began as a Deep Elf Wanderer on Nov 16, 2021.
             Constricted to death by a ball python (1 damage)
             ... on level 1 of the Dungeon.
             The game lasted 00:01:34 (156 turns).

Descartes the Changer (Deep Elf Wanderer)            Turns: 156, Time: 00:01:34

Health: 0/10       AC:  2    Str: 10    XL:     1   Next: 83%
Magic:  1/6        EV:  8    Int: 14    God:
Gold:   10         SH:  0    Dex: 15    Spells: 4/6 levels left

rFire    . . .     SeeInvis .   a - +0 dagger
rCold    . . .     Faith    .   (no shield)
rNeg     . . .     Spirit   .   b - +0 robe
rPois    .         Reflect  .   (no helmet)
rElec    .         Harm     .   (no cloak)
rCorr    .         Rampage  .   (no gloves)
Will     .....                  (no boots)
Stlth    ++........             (no amulet)
HPRegen  0.03/turn              (no ring)
MPRegen  0.10/turn              (no ring)

@: constricted
A: no striking features
a: no special abilities


You were on level 1 of the Dungeon.
You visited 1 branch of the dungeon, and saw 1 of its levels.

You collected 10 gold pieces.

Inventory:

Hand Weapons
 a - a +0 dagger (weapon)
Armour
 b - a +0 robe (worn)


   Skills:
 + Level 0.5 Dodging
 + Level 0.6 Stealth
 - Level 3.0 Spellcasting
 + Level 4.4 Transmutations
 + Level 2.3 Ice Magic
 + Level 0.4 Poison Magic
 - Level 2.1 Evocations


You had 4 spell levels left.
You knew the following spells:

 Your Spells              Type           Power      Damage    Failure   Level
a - Sting                 Tmut/Pois      36%        1d4       8%          1
b - Freeze                Ice            32%        1d5       9%          1

Your spell library contained the following spells:

 Spells                   Type           Power      Damage    Failure   Level
 Apportation              Tloc           4%         N/A       22%         1
 Frozen Ramparts          Ice            16%        1d3       24%         3
 Ozocubu's Armour         Ice            8%         N/A       24%         3
 Ignite Poison            Fire/Tmut/Pois 6%         N/A       32%         3
 Teleport Other           Tloc           2%         N/A       54%         3
 Hailstorm                Conj/Ice       5%         3d4       78%         4


Dungeon Overview and Level Annotations

Branches:
Dungeon (1/15)

Altars:


Message History

Press: ? - help, Shift-Dir - straight line, f/p - goblin
Aim: a goblin, wielding a +0 dagger (60% to hit)
The sting hits the goblin.
The goblin is poisoned.
The goblin is moderately wounded.
The goblin shouts!
The goblin completely misses you.
You hit the goblin but do no damage.
The goblin is severely wounded.
You kill the goblin!
You closely miss the ball python. The ball python bites you.
The ball python closely misses you.
Casting: Sting (safe; 8% risk of failure)
Confirm with . or Enter, or press ? or * to list all spells.
Aiming: Sting (safe; 8% risk of failure)
Press: ? - help, Shift-Dir - straight line, f - ball python
Aim: a ball python (64% to hit)
The sting hits the ball python.
The ball python is poisoned.
The ball python is heavily wounded.
You kill the ball python!
The giant cockroach bites you but does no damage.
You hit the ball python.
The ball python is severely wounded.
The ball python barely misses you. The ball python grabs you.
The ball python constricts you.
The giant cockroach completely misses you.
The ball python bites you. The ball python constricts you.
The ball python's grasp on you weakens, but your attempt to escape fails.
The giant cockroach bites you.
* * * LOW HITPOINT WARNING * * *
The ball python bites you.
* * * LOW HITPOINT WARNING * * *
The ball python constricts you.
The giant cockroach bites you but does no damage.
You escape the ball python's grasp.
You see here a +0 whip.
Found a faded altar of an unknown god.
The giant cockroach bites you but does no damage.
The ball python closely misses you. The ball python grabs you.
The ball python constricts you.
You die...

............†.)......
.##.....................
.#.............)........
.#......................
.#......................
.#...#..................
..............g.........
..........#####SB.......
..........######@.###..
'####...................
.............###...###..
.............# #...#G
.............# #...###
.......................
##..#............_......
........................
P...P........###.


You could see a shining eye (asleep), a giant cockroach, a goblin and a ball
python.

Vanquished Creatures
  A goblin (D:1)
  A hobgoblin (D:1)
  A kobold (D:1)
  3 ball pythons (D:1)
6 creatures vanquished.

Notes
Turn   | Place    | Note
-------+----------+-------------------------------------------
     0 | D:1      | Descartes the Deep Elf Wanderer began the quest for the
                  | Orb.
     0 | D:1      | Descartes set off with the following items: a +0 dagger, a
                  | +0 robe; and the following spells available to memorise:
                  | Freeze, Sting, Apportation, Frozen Ramparts, Ozocubu's
                  | Armour, Ignite Poison, Teleport Other, Hailstorm
     0 | D:1      | Reached XP level 1. HP: 10/10 MP: 6/6
     2 | D:1      | Learned a level 1 spell: Sting
     4 | D:1      | Learned a level 1 spell: Freeze
   155 | D:1      | Found a faded altar of an unknown god.
   155 | D:1      | Noticed a shining eye
   156 | D:1      | Constricted to death by a ball python

Illustrated notes

Levels and vault maps discovered:
D:1:      dpeg_arrival_orchard, layout_basic,
          hellmonk_ecumenical_altar_watching_god, minmay_vboxes

Action                   || total
-------------------------++-------
Melee: Dagger            ||     5
 Cast: Sting             ||    10
Armor: Robe              ||     3
Dodge: Dodged            ||     7
